 Dungeon Crawl Stone Soup version 0.30-a0-879-ga8ba668304 (webtiles) character file.

Game seed: 4960941599698944705

534505 FexLirch the Imperceptible (level 24, -10/130 HPs)
             Began as a Spriggan Enchanter on Mar 13, 2023.
             Was the Champion of Dithmenos.
             Mangled by a green draconian monk (34 damage)
             ... on level 3 of the Realm of Zot on Mar 14, 2023.
             The game lasted 08:15:48 (55058 turns).

FexLirch the Imperceptible (Spriggan Enchanter)    Turns: 55058, Time: 08:15:48

Health: -10/130    AC: 12    Str: 13    XL:     24   Next: 53%
Magic:  20/46      EV: 49    Int: 18    God:    Dithmenos [******]
Gold:   2532       SH:  0    Dex: 33    Spells: 8/59 levels left

rFire   + + .      SeeInvis +    z - +7 quick blade (venom)
rCold   + + +      Faith    .    S - orb {guile}
rNeg    . . .      Spirit   .    D - +4 troll leather armour
rPois   +          Reflect  .    f - +2 hood of the Assassin {Detect Stab+ Stlth++}
rElec   +          Rampage  .    b - +1 cloak of the Everdark {Contam rF++ Will++ Str+3}
rCorr   .                        (gloves unavailable)
Will    ++++.                    (boots unavailable) Stlth ######****
                                 C - amulet of Saeros {RegenMP rC+ Str+2 Slay+4 SInv}
HPRegen 1.21/turn                g - ring "Fioharop" {rElec rPois rC+ Str+4 Dex+2 Stlth+}
MPRegen 0.70/turn                Y - +6 ring of dexterity

@: lethally poisoned (-10 -> -11), wreathed by umbra, studying Shields, very
quick
A: very small, no large weapons, unfitting armour, see invisible, speed 3, horns
1, iridescent scales 1, cold resistance 1, deformed body
}: 3/15 runes: barnacled, abyssal, gossamer
a: Renounce Religion, Shadow Step, Shadow Form


You were on level 3 of the Realm of Zot.
You worshipped Dithmenos.
Dithmenos was exalted by your worship.
You visited 11 branches of the dungeon, and saw 48 of its levels.
You visited the Abyss 1 time.
You visited 1 bazaar.
You also visited: Gauntlet and Wizlab.

You collected 8435 gold pieces.
You spent 5903 gold pieces at shops.

Inventory:

Hand Weapons
 e - a +6 rapier of electrocution
 j - a +3 rapier of holy wrath
 o - a +2 sling of venom
 z - a +7 quick blade of venom (weapon)
 U - the +4 rapier of Contention {pain, rPois rCorr Str-3 SInv}
   (You bought it in a shop on level 2 of the Orcish Mines)

   Str:       It affects your strength (-3).
   rPois:     It protects you from poison.
   SInv:      It lets you see invisible.
   rCorr:     It protects you from acid and corrosion.
Missiles
 I - 7 throwing nets
Armour
 b - the +1 cloak of the Everdark (worn) {Contam rF++ Will++ Str+3}
   (You acquired it on level 3 of the Crypt)

   Str:       It affects your strength (+3).
   rF:        It greatly protects you from fire.
   Contam:    It causes magical contamination when unequipped.
   Will:      It greatly increases your willpower.
 f - the +2 hood of the Assassin (worn) {Detect Stab+ Stlth++}
   (You found it on level 9 of the Dungeon)

   Detect:    It allows the wearer to sense nearby creatures.
   Stab+:     It allows the wearer to make particularly effective stabbing
   attacks against helpless or unaware enemies with any weapon.
   Stlth:     It makes you much more stealthy.
 m - a +2 buckler of cold resistance
 D - a +4 troll leather armour (worn)
 S - an orb of guile (worn)
Jewellery
 a - the ring "Filuxac" {Fly rF+ rN+}
   (You took it off a deep elf knight on level 3 of the Elven Halls)

   [ring of positive energy]

   rF:        It protects you from fire.
   rN:        It protects you from negative energy.
   Fly:       It grants you flight.
 g - the ring "Fioharop" (left hand) {rElec rPois rC+ Str+4 Dex+2 Stlth+}
   (You bought it in a shop on level 2 of the Depths)

   [ring of protection from cold]

   Str:       It affects your strength (+4).
   Dex:       It affects your dexterity (+2).
   rC:        It protects you from cold.
   rElec:     It insulates you from electricity.
   rPois:     It protects you from poison.
   Stlth:     It makes you more stealthy.
 l - the ring "Anwi" {rN+ Slay+2}
   (You took it off a merfolk aquamancer on level 4 of the Shoals)

   [ring of positive energy]

   Slay:      It affects your accuracy & damage with ranged weapons and melee
   (+2).
   rN:        It protects you from negative energy.
 x - a ring of protection from fire
 C - the amulet of Saeros (around neck) {RegenMP rC+ Str+2 Slay+4 SInv}
   (You took it off a deep elf knight on level 3 of the Elven Halls)

   [amulet of magic regeneration]

   It increases your rate of magic regeneration.
   Str:       It affects your strength (+2).
   Slay:      It affects your accuracy & damage with ranged weapons and melee
   (+4).
   rC:        It protects you from cold.
   SInv:      It lets you see invisible.
 L - the amulet of the Four Winds {rN+ Will+++ Clar}
   (You found it in a wizard's laboratory)

   [amulet of nothing]

   rN:        It protects you from negative energy.
   Clar:      It protects you against confusion.
   Will:      It greatly increases your willpower.
 Q - the ring of the Hare {EV+10}
   (You bought it in a shop on level 3 of the Shoals)

   [ring of evasion]

   EV:        It affects your evasion (+10).
 R - a ring of protection from fire
 Y - a +6 ring of dexterity (right hand)
Wands
 G - a wand of charming (8)
 K - a wand of acid (38)
 M - a wand of flame (32)
 W - a wand of digging (16)
 Z - a wand of iceblast (22)
Scrolls
 d - 6 scrolls of silence
 h - 11 scrolls of vulnerability
 k - 14 scrolls of fog
 s - 2 scrolls of magic mapping
 t - 9 scrolls of poison
 u - 15 scrolls of teleportation
 v - 13 scrolls of fear
 y - 6 scrolls of torment
 N - a scroll of butterflies
 P - 3 scrolls of blinking
 T - a scroll of amnesia
Potions
 c - 8 potions of invisibility
 i - 5 potions of resistance
 n - 25 potions of curing
 q - 5 potions of magic
 r - 8 potions of haste
 w - 8 potions of lignification
 A - 11 potions of flight
 B - 5 potions of mutation
 E - 5 potions of berserk rage
 F - 6 potions of heal wounds
 H - 5 potions of might
 J - a potion of cancellation
 O - 8 potions of ambrosia
 X - 4 potions of brilliance
Miscellaneous
 p - a phantom mirror
 V - a lightning rod (4/4)


   Skills:
 + Level 14.3 Fighting
 + Level 19.6 Short Blades
 + Level 21.5 Dodging
 + Level 25.8 Stealth
 - Level 8.5 Shields
 + Level 18.4 Spellcasting
 + Level 21.3 Hexes
 + Level 16.9 Translocations
 - Level 3.9 Transmutations
 - Level 2.1 Ice Magic
 - Level 2.8 Air Magic
 + Level 15.2 Invocations


You had 8 spell levels left.
You knew the following spells:

 Your Spells              Type           Power      Damage    Failure   Level
a - Ensorcelled Hibernat  Hex/Ice        100%       N/A       1%          2
b - Confusing Touch       Hex            76%        N/A       0%          3
c - Tukima's Dance        Hex            76%        N/A       0%          3
d - Dazzling Flash        Conj/Hex       100%       N/A       1%          3
e - Silence               Hex/Air        28%        N/A       1%          5
f - Vhi's Electric Charg  Tloc/Air       100%       N/A       1%          3
g - Apportation           Tloc           100%       N/A       0%          1
h - Manifold Assault      Tloc           67%        N/A       1%          4
i - Passage of Golubria   Tloc           67%        N/A       1%          4
j - Yara's Violent Unrav  Hex/Tmut       29%        3d12      1%          5
k - Dispersal             Tloc           33%        N/A       1%          6
l - Cause Fear            Hex            38%        N/A       0%          4
m - Discord               Hex            38%        N/A       4%          8

Your spell library contained the following spells:

 Spells                   Type           Power      Damage    Failure   Level
 Gell's Gravitas          Tloc           67%        N/A       0%          3
 Portal Projectile        Hex/Tloc       100%       N/A       0%          3
 Teleport Other           Tloc           67%        N/A       0%          3
 Beastly Appendage        Tmut           60%        N/A       1%          1
 Freeze                   Ice            96%        1d10      1%          1
 Sting                    Tmut/Pois      92%        1d7       1%          1
 Wereblood                Tmut           30%        N/A       1%          2
 Inner Flame              Hex/Fire       53%        N/A       1%          3
 Kindle Blastsparks       Fire/Tloc/Air  80%        2d16      1%          3
 Summon Guardian Golem    Hex/Summ       53%        N/A       1%          3
 Anguish                  Hex/Necr       26%        N/A       1%          4
 Fulminant Prism          Conj/Hex       26%        3d14      1%          4
 Leda's Liquefaction      Hex/Erth       26%        N/A       1%          4
 Shock                    Conj/Air       84%        1d8       2%          1
 Passwall                 Tmut/Erth      19%        N/A       3%          2
 Poisonous Vapours        Pois/Air       42%        N/A       3%          2
 Static Discharge         Conj/Air       42%        2-4/arc   3%          2
 Summon Forest            Summ/Tloc      23%        N/A       3%          5
 Foxfire                  Conj/Fire      64%        2x1d7     4%          1
 Kiss of Death            Conj/Necr      64%        2d10      4%          1
 Magic Dart               Conj           64%        1d6       4%          1
 Cigotuvi's Dreadful Rot  Necr/Pois/Air  38%        N/A       4%          2
 Swiftness                Air            26%        N/A       4%          3
 Ozocubu's Armour         Ice            24%        N/A       5%          3
 Call Imp                 Summ           16%        N/A       6%          2
 Spider Form              Tmut/Pois      23%        N/A       6%          3
 Ignite Poison            Fire/Tmut/Pois 21%        N/A       8%          3
 Mephitic Cloud           Conj/Pois/Air  19%        N/A       9%          3
 Call Canine Familiar     Summ           16%        N/A       13%         3
 Stone Arrow              Conj/Erth      32%        3d9       13%         3
 Airstrike                Air            13%        2d(2-18)  13%         4
 Summon Lightning Spire   Summ/Air       21%        N/A       24%         4
 Blade Hands              Tmut           15%        N/A       24%         5
 Disjunction              Tloc           33%        N/A       26%         8
 Animate Armour           Summ/Erth      32%        N/A       38%         4
 Dispel Undead            Necr           16%        3d10      38%         4
 Olgreb's Toxic Radiance  Pois           16%        N/A       38%         4
 Alistair's Intoxication  Tmut/Pois      15%        N/A       47%         5
 Irradiate                Conj/Tmut      11%        3d15      47%         5
 Freezing Cloud           Conj/Ice/Air   11%        6-21      52%         5
 Arcjolt                  Conj/Air       10%        1d20      54%         5
 Lightning Bolt           Conj/Air       10%        1d23      54%         5
 Malign Gateway           Summ/Tloc      23%        N/A       73%         7
 Agony                    Necr           16%        N/A       75%         5
 Borgnjor's Vile Clutch   Necr/Erth      8%         N/A       75%         5
 Iskenderun's Battlesphe  Conj           16%        2d7       75%         5
 Eringya's Noxious Bog    Tmut/Pois      11%        N/A       96%         6
 Simulacrum               Ice/Necr       10%        N/A       99%         6
 Iron Shot                Conj/Erth      8%         9d3       100%        6
 Dragon Form              Tmut           15%        N/A       100%        7
 Haunt                    Necr/Summ      8%         N/A       100%        7
 Orb of Destruction       Conj           8%         9d6       100%        7
 Ozocubu's Refrigeration  Ice            12%        4d10      100%        7
 Spellforged Servitor     Conj/Summ      8%         N/A       100%        7
 Storm Form               Tmut/Air       14%        N/A       100%        7
 Summon Hydra             Summ           8%         N/A       100%        7
 Borgnjor's Revivificati  Necr           8%         N/A       100%        8
 Ignition                 Fire           8%         3d5       100%        8
 Lehudib's Crystal Spear  Conj/Erth      8%         10d3      100%        8
 Necromutation            Tmut/Necr      11%        N/A       100%        8
 Summon Horrible Things   Summ           8%         N/A       100%        8
 Chain Lightning          Conj/Air       10%        3d14      100%        9
 Death's Door             Necr           8%         N/A       100%        9
 Fire Storm               Conj/Fire      8%         8d2       100%        9
 Polar Vortex             Ice            12%        N/A       100%        9
 Shatter                  Erth           8%         3d10*     100%        9


Dungeon Overview and Level Annotations

Branches:
Dungeon (15/15)            Temple (1/1) D:4            Lair (5/5) D:9
 Shoals (4/4) Lair:2       Spider (4/4) Lair:3        Slime (0/5) Lair:5
    Orc (2/2) D:12            Elf (3/3) Orc:2        Vaults (4/5) D:14
  Crypt (3/3) Vaults:2       Tomb (0/3) Crypt:3      Depths (4/4) D:15
    Zot (3/5) Depths:4     WizLab (visited)         Gauntlet (visited)

Altars:
Ashenzari
Cheibriados
Dithmenos
Elyvilon
Hepliaklqana
Kikubaaqudgha
Makhleb
Nemelex Xobeh
Okawaru
Ru
Sif Muna
Trog
Uskayaw
Vehumet
Wu Jian
Xom
Yredelemnul
Zin
The Shining One

Shops:
D:10 *   D:13 *   D:15 =   Orc:2 (??(**   Elf:1 =(=   Elf:3 (   Shoals:2 :
Shoals:3 =   Vaults:1 *   Vaults:3 [   Vaults:4 (*   Zot:2 *   Depths:1 *
Depths:2 [[*=   Depths:4 (

Portals:
Hell: Depths:1 Depths:2 Depths:3 Depths:4
Abyss: Depths:2 Depths:3
Pandemonium: Depths:2
Ziggurat: Depths:2

Annotations:
D:5 exclusion: downstairs
D:8 exclusion: downstairs
D:9 exclusions: 2 doors, 3 electric eels, plant and 2 more exclusions
D:14 Roxanne
Lair:5 2 runed translucent doors, exclusion: fire dragon
Vaults:2 36 runed doors, exclusion: 3 doors
Depths:3 1 exclusion


Innate Abilities, Weirdness & Mutations

You are very small and have problems with some larger weapons.
You are too small for most types of armour.
You have supernaturally acute eyesight. (SInv)
You cover ground extremely quickly. (Speed+++)
You have a pair of small horns on your head.
You are partially covered in iridescent scales. (AC +2)
Your flesh is cold resistant. (rC+)
Armour fits poorly on your strangely shaped body.


Message History

Something freezes the yellow draconian annihilator.
A red draconian scorcher comes into view.
It is wielding a +0 whip.
The black draconian knight hits the yellow draconian annihilator with a +0 halberd!!!
The yellow draconian annihilator dies!
Dithmenos accepts your kill.
The green draconian monk closely misses the black draconian knight.
The black draconian knight blocks the green draconian monk's attack. x2
The green draconian monk tail-slaps the black draconian knight but does no damage.
The black draconian knight closely misses the red draconian scorcher.
The green draconian monk completely misses you. x2
The green draconian monk tail-slaps you.
The green draconian monk completely misses you.
Casting: Discord (dangerous; 4% risk of failure)
Confirm with . or Enter, or press ? or * to list all spells.
Aiming: Ensorcelled Hibernation (safe; 1% risk of failure)
Press: ? - help, Shift-Dir - straight line, f - green draconian monk
Aim: a green draconian monk, wearing a +0 cloak (poison gas, lightly wounded, fast, strong, frenzied and insane, chance to confuse on hit: 91%, umbra, chance to affect: 84%)
The green draconian monk looks drowsy...
Your shadow mimicks your spell!
The green draconian monk is unaffected.
You feel sick.
The black draconian knight closely misses something.
A white draconian comes into view. It is wielding a +0 hand axe.
The black draconian knight blocks the green draconian monk's attack. x2
The green draconian monk tail-slaps the black draconian knight!
The black draconian knight blocks the green draconian monk's attack.
The red draconian scorcher gestures at you while chanting.
The sphere of damnation explodes!
The damnation engulfs you!!!
* * * LOW HITPOINT WARNING * * *
You emit a cloud of dark smoke.
A black draconian comes into view.
It is wielding a +2 battleaxe of freezing.
A purple draconian comes into view. It is wielding a +0 halberd.
The black draconian knight hits the red draconian scorcher with a +0 war axe!
You hear a roar!
The helpless green draconian monk fails to defend itself.
You hit the green draconian monk but do no damage.
The green draconian monk appears confused.
The green draconian monk is lightly wounded.
The black draconian knight hits the black draconian with a +0 halberd.
The green draconian monk hits you!!
You die...

*,,,>* #..........#
*,,,,* #..........#
***,<,,* #..........#
,,,,,,,######.......(..#
,,,,,,,..............).#
,,,,,,,........°...°...#
,,,,,,,..d......○°○....#
*******..q.....§°§°....#
*..q.....§@q.....#
*..q.....).○.....#
*..>...))..).....#
*.....)#####.....#
*...[d.* #.)...#
*..q...* #..)..######
*..d..,* #..........#
*..,,,,* #......[...#
*.,,,,,* ######.....#


You could see a black draconian, a purple draconian (catching breath), a white
draconian, a red draconian scorcher (distracted), 2 neutral draconians and 2
neutral draconians.

Vanquished Creatures
  A dread lich (Depths:2)
  An ancient lich (Depths:3)
  A juggernaut (Abyss:3)
  Saint Roka (Orc:2)
  2 curse toes (Zot:2)
  3 golden dragons
  Nikola (Spider:4)
  Arachne (Spider:2)
  Cloud Mage (WizLab)
  2 electric golems (Zot:2)
  Jorgrun (Spider:1)
  3 tentacled monstrosities
  A deep elf master archer (Elf:3)
  6 liches
  A walking divine tome (Depths:3)
  A quicksilver dragon (Zot:1)
  3 walking frostbound tomes
  3 deep elf blademasters (Elf:3)
  8 ancient champions (Crypt:3)
  5 death cobs
  3 shadow dragons
  A tengu reaver (Depths:3)
  A sphinx (Vaults:2)
  Kirke (D:12)
  A tentacled starspawn (Abyss:3)
  2 revenants (Crypt:3)
  5 storm dragons
  Ilsuiw (Shoals:4)
  3 draconian knights
  6 emperor scorpions
  2 fire giants
  4 deep elf sorcerers (Elf:3)
  5 frost giants
  Aizul (Depths:2)
  3 ghouls
  5 deep elf elementalists (Elf:3)
  2 draconian scorchers
  2 spriggan defenders
  13 vault wardens
  8 ghost moths
  A juggernaut zombie (Crypt:3)
  A curse skull (Crypt:1)
  2 angels
  4 broodmothers
  14 ironbound preservers
  2 draconian shifters (Zot:2)
  A draconian stormcaller (Zot:2)
  8 stone giants
  A draconian annihilator (Zot:3)
  2 ophanim (Abyss:3)
  An orc warlord (Vaults:1)
  3 war gargoyles
  5 very ugly things
  5 black draconians
  The ghost of bmack86 the Severer, a journeyman MiFi of Okawaru (Lair:4)
  10 deep elf annihilators
  A deep elf demonologist (Elf:3)
  12 vampire knights
  A green draconian (Zot:1)
  10 ironbound thunderhulks
  A red draconian (Zot:1)
  A lorocyproca (Depths:1)
  2 white draconians (Zot:1)
  15 dire elephants
  A yellow draconian (Zot:3)
  5 purple draconians
  11 spark wasps
  4 blizzard demons (WizLab)
  7 merfolk impalers
  3 merfolk javelineers
  7 deep elf death magi
  2 eidola
  A green death (Abyss:3)
  4 fire dragons
  10 yaktaur captains
  A spriggan zombie (Crypt:1)
  4 entropy weavers
  12 jiangshi
  Snorg (Orc:1)
  Josephine (D:14)
  4 ettins
  3 deep elf high priests (Elf:3)
  2 fenstrider witch zombies (Crypt:3)
  15 vault guards
  3 rakshasas
  4 great orbs of eyes
  13 hydras
  2 peacekeepers
  4 ice dragons
  6 spriggan air magi
  4 jorogumos
  A quicksilver dragon skeleton (Vaults:4)
  12 centaur warriors
  A death knight (D:15)
  2 spriggan skeletons
  2 ogre magi
  2 catoblepae
  4 merfolk avatars
  An alligator snapping turtle (Shoals:4)
  4 ghost crabs (WizLab)
  5 ironbound frosthearts
  3 radroaches
  8 boulder beetles
  6 merfolk aquamancers
  13 two-headed ogres
  16 deep troll shamans
  10 tengu warriors
  7 deep troll earth magi
  A hell hog (Abyss:3)
  4 orc high priests
  A titan zombie (Crypt:3)
  9 death scarabs (Spider:4)
  6 death yaks
  Urug (Lair:3)
  27 dancing weapons
  10 vampire magi
  A spriggan berserker (Depths:1)
  The ghost of gelatine the Tainter, a novice DsVM of Vehumet (D:8)
  A shock serpent (WizLab)
  A soul eater (Crypt:3)
  17 deep elf knights
  4 spriggans
  A storm dragon zombie (Vaults:4)
  A thrashing horror (Abyss:3)
  The ghost of sirJeffrey23 the Protected, a novice AtFi of Elyvilon (D:8)
  16 skeletal warriors
  A spatial maelstrom (Abyss:3)
  11 iron trolls
  The ghost of Palms the Skirmisher, a novice FoHu of Okawaru (D:8)
  The ghost of ZoeForever1 the Conjurer, a novice DsRe (D:8)
  A large abomination (Abyss:3)
  4 skysharks
  4 shadow wraiths (Crypt:3)
  A storm dragon skeleton (Crypt:1)
  Sonja (D:11)
  68 deep trolls
  10 sea snakes
  10 pharaoh ants
  2 sun moths (Spider:2)
  8 orb spiders
  2 glowing orange brains
  An orange crystal statue (Depths:4)
  3 death drakes (WizLab)
  A spriggan druid (Depths:3)
  5 flayed ghosts
  2 shadow demons
  9 wizards
  5 lindwurms
  12 deep elf archers
  10 steelbarb worms
  21 harpies
  The ghost of zenocrate the Martial Artist, a novice OpTm of Gozag (D:8)
  8 orc knights
  8 necromancers
  A spectral jorogumo (Spider:4)
  A bunyip skeleton (Crypt:3)
  11 ironbound convokers
  The ghost of Valamore the Magician, a novice MeTm of Cheibriados (D:6)
  25 deep elf zephyrmancers
  9 phantasmal warriors
  38 ugly things
  A spriggan simulacrum (Crypt:1)
  2 spectral wolf spiders (Spider:4)
  37 deep elf pyromancers
  A jorogumo zombie (Crypt:3)
  4 fauns
  3 orc sorcerers (Orc:2)
  24 wolf spiders
  14 manticores
  An iron dragon skeleton (Crypt:3)
  5 cyclopes
  15 moths of wrath
  8 elephants
  5 apocalypse crabs
  A stone giant skeleton (Vaults:4)
  10 merfolk sirens
  4 torpor snails
  A fire giant skeleton (Vaults:4)
  A human skeleton (Vaults:2)
  A smoke demon (Abyss:3)
  8 black mambas
  2 water nymphs
  6 gargoyles
  10 cane toads
  8 demonic crawlers
  10 vault sentinels
  A dire elephant skeleton (Crypt:1)
  A molten gargoyle (Lair:5)
  Maggie (D:7)
  2 rime drakes
  2 unseen horrors
  A black draconian zombie (Crypt:3)
  A grey draconian zombie (Crypt:2)
  A centaur skeleton (Crypt:1)
  A yellow draconian zombie (Crypt:2)
  A kobold demonologist (Depths:1)
  3 spectral redbacks (Spider:4)
  A redback zombie (Spider:4)
  An alligator snapping turtle skeleton (Crypt:3)
  An elf skeleton (Vaults:4)
  17 komodo dragons
  A yaktaur skeleton (Vaults:2)
  An anaconda simulacrum (Crypt:3)
  A human zombie (Vaults:4)
  3 tengu conjurers
  3 freezing wraiths
  34 yaktaurs
  An iron giant simulacrum (Crypt:3)
  6 trolls
  A black draconian skeleton (Crypt:2)
  10 wind drakes
  A mana viper zombie (Crypt:1)
  An ancient zyme (Abyss:3)
  6 meliai
  4 polar bears
  2 spectral tarantellas (Spider:4)
  A merfolk (shapeshifter) (Depths:2)
  A mana viper skeleton (Crypt:3)
  22 merfolk
  29 tarantellas
  A hornet (shapeshifter) (D:11)
  Grinder (D:6)
  13 hornets
  2 spectral culicivoras (Spider:4)
  2 tarantella zombies (Spider:4)
  6 snapping turtles
  4 spectral jumping spiders (Spider:4)
  40 slime creatures
  17 blink frogs
  2 culicivora zombies (Spider:4)
  A radroach zombie (Crypt:3)
  A raiju (shapeshifter) (Abyss:3)
  2 deep troll zombies
  An ice dragon zombie (Crypt:3)
  4 dream sheep
  10 air elementals
  19 jumping spiders
  A deep troll skeleton (Vaults:2)
  A shadow (D:9)
  29 culicivoras
  An ice dragon skeleton (Crypt:1)
  A human (D:14)
  17 water elementals
  8 basilisks
  5 wyverns
  6 vampires
  51 redbacks
  6 wraiths
  51 yaks
  5 fire elementals
  2 neqoxecs (Abyss:3)
  A steam dragon (Lair:5)
  A vampire mosquito (D:12)
  2 hogs (D:12)
  6 wargs
  2 naga zombies
  3 acid dragons
  A merfolk zombie (Crypt:3)
  15 water moccasins
  Duvessa (D:7)
  A floating eye (Depths:1)
  5 hell hounds (Lair:5)
  3 black bears
  A naga skeleton (Crypt:3)
  3 ice beasts
  A water nymph skeleton (Crypt:1)
  A two-headed ogre skeleton (Crypt:2)
  A cane toad skeleton (Crypt:2)
  22 orc warriors
  2 sky beasts
  A lindwurm zombie (Crypt:1)
  10 ogres
  A swamp drake (D:9)
  An ogre (shapeshifter) (Depths:1)
  11 wolves
  4 boggarts
  10 centaurs
  A hog zombie (Crypt:2)
  A phantom (D:4)
  4 kobold brigands
  A komodo dragon zombie (Crypt:2)
  A yaktaur zombie (Crypt:1)
  A rime drake skeleton (Crypt:1)
  2 necrophages (Crypt:2)
  3 scorpions
  13 bullfrogs
  A gnoll sergeant (D:12)
  5 earth elementals
  11 wights
  A komodo dragon skeleton (Crypt:2)
  A troll zombie (Crypt:1)
  Dowan (D:7)
  4 killer bees (D:8)
  A queen bee zombie (Crypt:3)
  5 howler monkeys
  10 jellies
  8 electric eels
  3 lava snakes (Lair:5)
  2 crimson imps
  A quasit (Abyss:3)
  6 hounds
  2 small abominations (Abyss:3)
  2 iron imps
  13 orc priests
  A gnoll bouda (D:9)
  Jessica (D:2)
  A sleepcap (D:6)
  7 iguanas
  10 orc wizards
  2 yak simulacra (Lair:5)
  A polar bear simulacrum (Lair:5)
  5 wolf simulacra (Lair:5)
  15 gnolls
  10 adders
  2 shadow imps (D:7)
  5 white imps
  2 ufetubi (D:4)
  2 worms
  2 dart slugs
  88 orcs
  21 endoplasms
  5 goblins
  6 hobgoblins
  4 jackals (D:2)
  23 kobolds
  A quokka (D:2)
  6 ball pythons
  5 bats
  8 frilled lizards
  3 river rat simulacra (Lair:5)
  A river rat skeleton (Crypt:2)
  A starspawn tentacle (Abyss:3)
1957 creatures vanquished.

Vanquished Creatures (collateral kills)
  A juggernaut (Depths:4)
  A death cob (Zot:2)
  2 storm dragons
  3 draconian scorchers
  A frost giant (Depths:4)
  A draconian stormcaller (Zot:1)
  5 draconian annihilators
  3 draconian shifters (Zot:1)
  4 green draconians
  3 black draconians
  4 purple draconians
  6 yellow draconians
  4 red draconians
  2 white draconians
  A fire dragon (Depths:4)
  An ice dragon (Depths:4)
  An ogre mage (D:15)
  2 hell hogs (Abyss:3)
  A two-headed ogre (Orc:1)
  A deep troll shaman (Depths:4)
  3 deep troll earth magi (Depths:4)
  A spriggan berserker (Depths:4)
  6 deep trolls (Depths:4)
  3 iron trolls (Depths:4)
  A cherub (Abyss:3)
  A glowing orange brain (Depths:4)
  A large abomination (Abyss:3)
  An orc knight (Orc:2)
  5 moths of wrath
  A warg (Orc:2)
  A floating eye (Depths:4)
  4 orc warriors
  An ogre (D:15)
  A centaur (D:13)
  2 orc wizards
  7 orcs
86 creatures vanquished.

Vanquished Creatures (others)
  A juggernaut (Depths:3)
  A fire giant (Depths:4)
  A stone giant (Depths:4)
  A red draconian (Zot:1)
  A green draconian (Zot:1)
  A white draconian (Zot:2)
  3 spriggan air magi (WizLab)
  A cherub (Abyss:3)
  A deep troll (Depths:4)
  A deep elf archer (Elf:1)
  A deep elf zephyrmancer (Elf:1)
  2 apocalypse crabs (WizLab)
  A yaktaur (Vaults:3)
  18 dancing weapons
  A human (D:12)
  A bullfrog (Lair:2)
  2 orc wizards
  A shadow imp (D:9)
  4 orcs
  47 fungi
  97 plants
  3 starspawn tentacles (Abyss:3)
  5 toadstools (Lair:2)
195 creatures vanquished.

Grand Total: 2238 creatures vanquished

Notes
Turn   | Place    | Note
-------+----------+-------------------------------------------
     0 | D:1      | FexLirch the Spriggan Enchanter began the quest for the
                  | Orb.
     0 | D:1      | Reached XP level 1. HP: 9/9 MP: 5/5
   231 | D:1      | Reached XP level 2. HP: 13/13 MP: 7/7
   650 | D:2      | Learned a level 2 spell: Ensorcelled Hibernation
  1040 | D:2      | Noticed Jessica
  1226 | D:2      | Reached XP level 3. HP: 16/16 MP: 8/8
  1290 | D:3      | Found a faded altar of an unknown god.
  1337 | D:3      | Found a shimmering altar of Xom.
  1840 | D:3      | Learned a level 3 spell: Confusing Touch
  1844 | D:3      | Learned a level 3 spell: Tukima's Dance
  2247 | D:3      | Reached skill level 1 in Ice Magic
  2764 | D:2      | Killed Jessica
  2765 | D:2      | Reached XP level 4. HP: 15/21 MP: 4/9
  2823 | D:4      | Noticed a scorpion
  2826 | D:4      | Killed a scorpion
  2827 | D:4      | Reached skill level 5 in Hexes
  2827 | D:4      | Reached XP level 5. HP: 24/24 MP: 10/10
  3094 | D:4      | Found a shadowy altar of Dithmenos.
  3114 | D:4      | Became a worshipper of Dithmenos the Shadowed
  3221 | D:4      | Noticed a phantom
  3559 | D:4      | Found a staircase to the Ecumenical Temple.
  3713 | D:4      | Reached XP level 6. HP: 12/28 MP: 6/11
  4012 | Temple   | Entered the Ecumenical Temple
  4030 | D:5      | Entered Level 5 of the Dungeon
  4048 | D:5      | Noticed a troll
  4137 | D:5      | Reached skill level 5 in Short Blades
  4185 | D:5      | Found a sparkling altar of Nemelex Xobeh.
  4230 | D:5      | Found an iron altar of Okawaru.
  4234 | D:5      | Identified the +3 hand axe "Jiripri" {pain, Str+2}
  4371 | D:5      | Reached XP level 7. HP: 32/32 MP: 4/12
  4552 | D:5      | Killed a troll
  4553 | D:5      | Reached skill level 6 in Stealth
  4660 | D:5      | Reached * piety under Dithmenos
  5155 | D:6      | Learned a level 3 spell: Dazzling Flash
  5427 | D:6      | Reached XP level 8. HP: 29/36 MP: 5/13
  5480 | D:6      | Found a bloodstained altar of Trog.
  5523 | D:6      | Noticed Grinder
  5556 | D:6      | Reached skill level 7 in Stealth
  5646 | D:6      | Found a runed translucent gate.
  5649 | D:6      | Found a runed translucent gate.
  5649 | D:6      | Found a runed translucent gate.
  5649 | D:6      | Noticed Valamore's ghost (novice MeTm)
  5732 | D:6      | Reached skill level 8 in Stealth
  5980 | D:6      | Found a snail-covered altar of Cheibriados.
  6741 | D:7      | Noticed Dowan
  6815 | D:7      | Killed Dowan
  6818 | D:7      | Noticed Duvessa
  6896 | D:7      | Killed Duvessa
  6897 | D:7      | Reached skill level 9 in Stealth
  7010 | D:7      | Noticed Maggie
  7131 | D:7      | Reached ** piety under Dithmenos
  7132 | D:7      | Reached XP level 9. HP: 39/39 MP: 5/14
  7227 | D:7      | Found a burning altar of Makhleb.
  7227 | D:7      | Found a radiant altar of Vehumet.
  7604 | D:8      | You fall into a shaft and drop 1 floor!
  7632 | D:9      | Reached skill level 1 in Fighting
  7661 | D:9      | Reached skill level 10 in Stealth
  7723 | D:9      | Noticed a two-headed ogre
  7785 | D:8      | Found a runed translucent gate.
  7785 | D:8      | Noticed ZoeForever1's ghost (novice DsRe)
  8028 | D:8      | Reached skill level 5 in Dodging
  8028 | D:8      | Reached skill level 10 in Hexes
  8141 | D:8      | Noticed a two-headed ogre
  8163 | D:8      | Killed a two-headed ogre
  8163 | D:8      | Reached *** piety under Dithmenos
  8164 | D:8      | Reached skill level 11 in Stealth
  8164 | D:8      | Reached XP level 10. HP: 46/48 MP: 3/15
  8462 | D:8      | Found a runed translucent gate.
  8463 | D:8      | Noticed sirJeffrey23's ghost (novice AtFi)
  8464 | D:8      | Found a runed translucent gate.
  8464 | D:8      | Noticed zenocrate's ghost (novice OpTm)
  8465 | D:8      | Noticed gelatine's ghost (novice DsVM)
  8465 | D:8      | Noticed Palms's ghost (novice FoHu)
  8484 | D:8      | Killed ZoeForever1's ghost
  8506 | D:8      | Killed zenocrate's ghost
  8557 | D:8      | Killed sirJeffrey23's ghost
  8558 | D:8      | Reached skill level 12 in Stealth
  8576 | D:8      | Killed gelatine's ghost
  8591 | D:8      | Killed Palms's ghost
  8818 | D:6      | Killed Grinder
  8874 | D:6      | Killed Valamore's ghost
  8875 | D:6      | Reached XP level 11. HP: 54/54 MP: 16/16
  9027 | D:7      | Killed Maggie
  9271 | D:9      | Found a staircase to the Lair.
  9304 | D:9      | Noticed a two-headed ogre
  9316 | D:9      | Reached skill level 10 in Short Blades
  9351 | D:9      | Killed a two-headed ogre
  9356 | D:9      | Reached skill level 13 in Stealth
  9430 | D:9      | Identified the +0 whip "Testudinebane" {protect, rC+ Dex+3
                  | Stlth+}
  9461 | D:9      | Reached **** piety under Dithmenos
  9491 | D:9      | Noticed a two-headed ogre
  9563 | D:8      | Killed a two-headed ogre
  9564 | D:8      | Reached skill level 5 in Fighting
  9815 | D:9      | Found a hazy altar of Hepliaklqana.
  9817 | D:9      | Found an ancient bone altar of Kikubaaqudgha.
  9817 | D:9      | Found a white marble altar of Elyvilon.
  9821 | D:9      | Found a sacrificial altar of Ru.
 10065 | D:9      | Found an ornate altar of the Wu Jian Council.
 10203 | D:10     | Entered Level 10 of the Dungeon
 10207 | D:10     | Found a basalt altar of Yredelemnul.
 10268 | D:10     | Learned a level 5 spell: Silence
 10961 | D:10     | Found Puunkuy's Serpentskin Sales.
 10968 | D:10     | Bought a +2 sling of venom for 179 gold pieces
 11135 | D:11     | Noticed Sonja
 11140 | D:11     | Killed Sonja
 11141 | D:11     | Reached skill level 14 in Stealth
 11174 | D:11     | Reached ***** piety under Dithmenos
 11175 | D:11     | Reached XP level 12. HP: 56/60 MP: 11/19
 11467 | D:11     | Noticed a two-headed ogre
 11469 | D:11     | Killed a two-headed ogre
 11665 | D:12     | Reached skill level 10 in Dodging
 11669 | D:12     | Noticed a boulder beetle
 11688 | D:11     | Killed a boulder beetle
 11689 | D:11     | Reached skill level 5 in Spellcasting
 11867 | D:12     | Noticed a centaur warrior
 11895 | D:12     | Killed a centaur warrior
 11896 | D:12     | Reached skill level 1 in Air Magic
 11927 | D:12     | Noticed Kirke
 11978 | D:12     | Killed Kirke
 12319 | D:12     | Noticed a boulder beetle
 12323 | D:12     | Learned a level 3 spell: Swiftness
 12335 | D:12     | Killed a boulder beetle
 12457 | D:12     | Reached skill level 15 in Stealth
 12509 | D:12     | Reached skill level 1 in Invocations
 12553 | D:12     | Got the Omnibus of Transposition
 13015 | D:12     | Found a staircase to the Orcish Mines.
 13119 | D:9      | Killed a two-headed ogre
 13228 | D:9      | Found the +2 hood of the Assassin {Detect Stab+ Stlth++}
 13242 | D:9      | Reached XP level 13. HP: 63/66 MP: 23/23
 13286 | Lair:1   | Entered Level 1 of the Lair of Beasts
 14368 | Lair:2   | Reached ****** piety under Dithmenos
 14611 | Lair:2   | Found a staircase to the Shoals.
 15075 | Lair:3   | Found a hole to the Spider Nest.
 15107 | Lair:3   | Reached skill level 16 in Stealth
 15370 | Lair:3   | Noticed Urug
 15386 | Lair:3   | Killed Urug
 15401 | Lair:3   | Identified the +7 hand axe of Trial by Ordeal {antimagic,
                  | Int+4}
 15889 | Lair:3   | Learned a level 1 spell: Apportation
 16058 | Lair:4   | Reached skill level 1 in Translocations
 16138 | Lair:4   | Reached XP level 14. HP: 72/72 MP: 19/27
 16385 | Lair:4   | Found a transporter.
 16403 | Lair:4   | Noticed bmack86's ghost (journeyman MiFi)
 16406 | Lair:4   | Found a transporter.
 16409 | Lair:4   | Killed bmack86's ghost
 16411 | Lair:4   | Identified the ring of Aleacwu {Drain rElec EV+5 Slay+3
                  | Stlth+}
 16517 | Lair:4   | HP: 3/72 [eight-headed hydra (12)]
 16637 | Lair:5   | Entered Level 5 of the Lair of Beasts
 16668 | Lair:5   | Reached skill level 5 in Invocations
 17235 | Lair:5   | Reached skill level 17 in Stealth
 17408 | Lair:5   | Found a large runed translucent door.
 17409 | Lair:5   | Found a large runed translucent door.
 17479 | Lair:5   | Reached skill level 5 in Translocations
 17511 | Lair:5   | Found a staircase to the Slime Pits.
 17865 | Orc:1    | Entered Level 1 of the Orcish Mines
 18030 | Orc:2    | Entered Level 2 of the Orcish Mines
 18285 | Orc:1    | Noticed Snorg
 18294 | Orc:1    | Killed Snorg
 18445 | Orc:1    | Reached XP level 15. HP: 41/78 MP: 26/29
 18584 | Orc:2    | Found Hytzaph's Specific Store.
 18588 | Orc:2    | Found Buirug's General Store.
 18592 | Orc:2    | Bought a scroll of noise for 16 gold pieces
 18770 | Orc:2    | Found a staircase to the Elven Halls.
 18771 | Orc:2    | Noticed Saint Roka
 18911 | Orc:2    | Killed Saint Roka
 19463 | Orc:2    | Found Hiwel's Antique Weapon Emporium.
 19463 | Orc:2    | Found Cauc's Weapon Boutique.
 19469 | Orc:2    | Found Rosu's Magic Scroll Emporium.
 19469 | Orc:2    | Found Nacyd's Magic Scroll Boutique.
 19488 | Orc:2    | Bought a jewelled rapier for 297 gold pieces
 19488 | Orc:2    | Identified the +4 rapier of Contention {pain, rPois rCorr
                  | Str-3 SInv} (You bought it in a shop on level 2 of the
                  | Orcish Mines)
 19724 | Orc:2    | Bought a ring of willpower for 400 gold pieces
 19724 | Orc:2    | Bought a scroll of enchant armour for 120 gold pieces
 19730 | Orc:2    | Learned a level 4 spell: Manifold Assault
 19915 | Shoals:1 | Entered Level 1 of the Shoals
 20006 | Shoals:1 | Reached skill level 10 in Spellcasting
 20117 | Shoals:1 | Reached skill level 15 in Hexes
 20979 | Shoals:2 | Found Koujycots's Self-Improvement Boutique.
 21060 | Shoals:2 | Bought a manual of Shields for 1120 gold pieces
 21314 | Shoals:3 | Reached skill level 1 in Shields
 21405 | Shoals:3 | Reached skill level 18 in Stealth
 21459 | Shoals:4 | Entered Level 4 of the Shoals
 21683 | Shoals:3 | Found Besobaip's Jewellery Boutique.
 21777 | Shoals:4 | HP: 3/78 [alligator snapping turtle (41)]
 21793 | Shoals:4 | Noticed Ilsuiw
 21817 | Shoals:4 | Killed Ilsuiw
 21895 | Shoals:4 | Reached XP level 16. HP: 79/84 MP: 31/31
 21900 | Shoals:4 | Identified the +1 long sword of the Howling Gods {freeze,
                  | Dex+4}
 22521 | Shoals:4 | Identified the ring "Anwi" {rN+ Slay+2}
 22588 | Shoals:4 | Got a barnacled rune of Zot
 23032 | Spider:1 | Entered Level 1 of the Spider Nest
 23147 | Spider:1 | Noticed Jorgrun
 23151 | Spider:1 | Killed Jorgrun
 23690 | Spider:2 | Reached skill level 19 in Stealth
 23702 | Spider:2 | Reached skill level 15 in Dodging
 23810 | Spider:2 | Reached skill level 5 in Shields
 23977 | Spider:2 | Identified a scroll of acquirement
 23978 | Spider:2 | Acquired 1274 gold pieces
 24033 | Spider:2 | Noticed Arachne
 24037 | Spider:2 | Killed Arachne
 24160 | Spider:2 | Reached XP level 17. HP: 88/88 MP: 33/33
 25225 | Spider:3 | Reached skill level 10 in Fighting
 25517 | Spider:4 | Entered Level 4 of the Spider Nest
 25519 | Spider:4 | Got the Folio of Unstable Malignant Arts
 25604 | Spider:3 | Learned a level 3 spell: Vhi's Electric Charge
 25609 | Spider:3 | Learned a level 4 spell: Passage of Golubria
 25984 | D:13     | Found Vyunof's Demolitions Depot.
 26622 | D:14     | Identified Roxanne's Quarto of Flesh
 26622 | D:14     | Noticed Roxanne
 26741 | D:14     | Reached skill level 15 in Short Blades
 26991 | D:14     | Noticed Josephine
 26994 | D:14     | Killed Josephine
 27366 | D:14     | Identified the +0 cloak of Beyond {Int+3}
 27520 | D:15     | Entered Level 15 of the Dungeon
 27654 | D:15     | Found a hide-covered altar of Uskayaw.
 27667 | D:15     | Reached skill level 20 in Stealth
 27698 | D:15     | Found Dacrye Abesch's Jewellery Boutique.
 27871 | D:15     | Found a gate leading to a gauntlet.
 27899 | Gauntlet | Entered a Gauntlet
 27899 | Gauntlet | Found a transporter.
 27909 | Gauntlet | Found a transporter.
 27910 | Gauntlet | Found a transporter.
 27932 | Gauntlet | Found a transporter.
 27941 | Gauntlet | Found a runed translucent door.
 27941 | Gauntlet | Found a runed translucent door.
 27944 | Gauntlet | Found a transporter.
 27945 | Gauntlet | Found a transporter.
 27945 | Gauntlet | Found a transporter.
 27974 | Gauntlet | Found a runed translucent gate.
 27974 | Gauntlet | Found a runed translucent gate.
 27974 | Gauntlet | Found a runed translucent gate.
 27976 | Gauntlet | Found a transporter.
 27978 | Gauntlet | Found a transporter.
 27979 | Gauntlet | Found a transporter.
 28015 | Gauntlet | Found a transporter.
 28033 | Gauntlet | Found a transporter.
 28033 | Gauntlet | Found a transporter.
 28035 | Gauntlet | Identified the +0 hat "Efung" {Str+3}
 28038 | Gauntlet | Found a runed translucent door.
 28055 | Gauntlet | Found a runed translucent door.
 28059 | Gauntlet | Found a transporter.
 28612 | D:15     | Found a staircase to the Depths.
 29090 | Shoals:3 | Bought the ring of the Hare {EV+10} for 2048 gold pieces
 29090 | Shoals:3 | Found the ring of the Hare {EV+10}
 29349 | Elf:1    | Entered Level 1 of the Elven Halls
 29441 | Elf:1    | Reached XP level 18. HP: 95/95 MP: 12/35
 29534 | Elf:1    | Found a magical portal.
 29543 | WizLab   | Entered The Chambers of the Cloud Mage
 29674 | WizLab   | Paralysed by an air elemental for 1 turns
 30035 | WizLab   | Paralysed by an air elemental for 1 turns
 30128 | WizLab   | Paralysed by an air elemental for 1 turns
 30153 | WizLab   | Reached skill level 10 in Invocations
 30726 | WizLab   | Noticed Faguov
 30746 | WizLab   | Killed Faguov the Cloud Mage
 30759 | WizLab   | Got the Incunabulum of the Four Heavens
 30867 | Elf:1    | Paralysed by an air elemental for 1 turns
 30897 | Elf:1    | Found Bamn's Jewellery Boutique.
 30899 | Elf:1    | Found Misked's Weapon Shop.
 30901 | Elf:1    | Found Koell's Jewellery Boutique.
 31169 | Elf:1    | Got the Compilation of Assaults
 31379 | Elf:1    | Identified the +0 chain mail of Fistruah {*Slow rPois rC-
                  | rCorr}
 31687 | Elf:1    | Found an ancient bone altar of Kikubaaqudgha.
 32057 | Elf:2    | Identified the ring of Youthful Indiscretion {Ice rN+ Str+6
                  | Dex-4}
 33115 | Elf:2    | Found a runed translucent gate.
 33116 | Elf:2    | Found a runed translucent gate.
 33116 | Elf:2    | Found a runed translucent gate.
 33789 | Elf:2    | Reached skill level 21 in Stealth
 34177 | Elf:3    | Entered Level 3 of the Elven Halls
 34613 | Elf:3    | Reached XP level 19. HP: 100/100 MP: 37/37
 34707 | Elf:3    | Found Xotosaip's Antique Weapon Emporium.
 35166 | Elf:3    | Identified the +11 lajatang of the Mind {drain, rC+ rN+}
 35166 | Elf:3    | Identified the amulet of Saeros {RegenMP rC+ Str+2 Slay+4
                  | SInv}
 35532 | Elf:3    | Got the Atlas of Overcast Toxicants
 35532 | Elf:3    | Got the Exposition on the Inferno
 35532 | Elf:3    | Got the Grimoire of Crystallized Interference
 35532 | Elf:3    | Got the Volume of Unstable Exhalation
 35539 | Elf:3    | Learned a level 5 spell: Yara's Violent Unravelling
 35546 | Elf:3    | Learned a level 6 spell: Dispersal
 35551 | Elf:3    | Identified the +0 trident of Naesea {chaos, rC- rN+ Int+5
                  | Stlth+}
 35554 | Elf:3    | Identified the +5 trident of Resourcefulness {freeze, rC+
                  | SInv}
 35566 | Elf:3    | Identified the ring "Filuxac" {Fly rF+ rN+}
 36024 | Spider:4 | Reached skill level 1 in Transmutations
 36793 | Spider:4 | Identified the +2 leather armour of Weightlessness {Int+3}
 36837 | Spider:4 | Identified the +1 helmet "Quczenaf" {-Tele Regen+ rCorr
                  | Slay+5}
 37127 | Spider:4 | Noticed Nikola
 37134 | Spider:4 | Killed Nikola
 37383 | Spider:4 | Reached skill level 22 in Stealth
 37383 | Spider:4 | Reached XP level 20. HP: 106/106 MP: 39/39
 37462 | Spider:4 | Got a gossamer rune of Zot
 37976 | Depths:1 | Entered Level 1 of the Depths
 37996 | Depths:1 | Found a glowing golden altar of the Shining One.
 38001 | Depths:1 | Found Lyclil's Assorted Antiques.
 38117 | Depths:1 | Found a gateway to Hell.
 38125 | Depths:1 | You fall into a shaft and drop 1 floor!
 38151 | Depths:2 | Learned a level 4 spell: Cause Fear
 38152 | Depths:2 | Found a flickering gateway to a bazaar.
 38160 | Depths:2 | Found Jopnom's Armour Shop.
 38176 | Bazaar   | Entered a bazaar
 38176 | Bazaar   | Found Junewnykk's Antique Armour Shop.
 38176 | Bazaar   | Found Jizxisea's Jewellery Boutique.
 38176 | Bazaar   | Found Wuwneoth's Assorted Antiques.
 38176 | Bazaar   | Found Disun's Distillery.
 38196 | Bazaar   | Bought a potion of heal wounds for 30 gold pieces
 38196 | Bazaar   | Bought a potion of magic for 48 gold pieces
 38196 | Bazaar   | Bought 3 potions of curing for 54 gold pieces
 38196 | Bazaar   | Bought a potion of mutation for 48 gold pieces
 38226 | Depths:2 | Found Ripec's General Store.
 38362 | Depths:2 | Reached skill level 10 in Translocations
 38446 | Depths:2 | Found a one-way gate to the infinite horrors of the Abyss.
 38490 | Depths:2 | Found a one-way gate leading to the halls of Pandemonium.
 38518 | Depths:2 | Noticed Aizul
 38542 | Depths:2 | Killed Aizul
 38713 | Depths:2 | Found Amiogoic's Jewellery Emporium.
 38748 | Depths:2 | Found Zarusmar's Antique Armour Shoppe.
 39125 | Depths:1 | Reached skill level 15 in Spellcasting
 39889 | Depths:2 | Found a one-way gateway to a ziggurat.
 39889 | Depths:2 | Noticed a dread lich
 39921 | Depths:2 | Killed a dread lich
 40214 | Depths:2 | Bought the ring "Fioharop" {rElec rPois rC+ Str+4 Dex+2
                  | Stlth+} for 761 gold pieces
 40328 | Depths:2 | Bought a scroll of teleportation for 51 gold pieces
 40328 | Depths:2 | Bought a phantom mirror for 680 gold pieces
 40328 | Depths:2 | Bought a potion of curing for 51 gold pieces
 40560 | D:14     | Found a gate to the Vaults.
 40570 | Vaults:1 | Entered Level 1 of the Vaults
 41297 | Vaults:1 | Found Ynaegh's Assorted Antiques.
 41343 | Vaults:1 | Reached XP level 21. HP: 111/111 MP: 41/41
 42117 | Vaults:2 | Reached skill level 23 in Stealth
 42146 | Vaults:2 | Found a huge runed gate.
 42146 | Vaults:2 | Found a huge runed gate.
 42146 | Vaults:2 | Found a huge runed gate.
 42146 | Vaults:2 | Found a huge runed gate.
 42146 | Vaults:2 | Found a huge runed gate.
 42147 | Vaults:2 | Found a huge runed gate.
 42147 | Vaults:2 | Found a huge runed gate.
 42147 | Vaults:2 | Found a huge runed gate.
 42147 | Vaults:2 | Found a huge runed gate.
 42147 | Vaults:2 | Found a huge runed gate.
 42817 | Vaults:2 | Found a staircase to the Crypt.
 43104 | Vaults:2 | Found a huge runed gate.
 43105 | Vaults:2 | Found a huge runed gate.
 43106 | Vaults:2 | Found a huge runed gate.
 43107 | Vaults:2 | Found a huge runed gate.
 43108 | Vaults:2 | Found a huge runed gate.
 43116 | Vaults:2 | Found a huge runed gate.
 43116 | Vaults:2 | Found a huge runed gate.
 43116 | Vaults:2 | Found a huge runed gate.
 43116 | Vaults:2 | Found a huge runed gate.
 43116 | Vaults:2 | Found a huge runed gate.
 43116 | Vaults:2 | Found a huge runed gate.
 43117 | Vaults:2 | Found a huge runed gate.
 43118 | Vaults:2 | Found a huge runed gate.
 43119 | Vaults:2 | Found a huge runed gate.
 43127 | Vaults:2 | Found a huge runed gate.
 43127 | Vaults:2 | Found a huge runed gate.
 43127 | Vaults:2 | Found a huge runed gate.
 43127 | Vaults:2 | Found a huge runed gate.
 43127 | Vaults:2 | Found a huge runed gate.
 43127 | Vaults:2 | Found a huge runed gate.
 43127 | Vaults:2 | Found a huge runed gate.
 43128 | Vaults:2 | Found a huge runed gate.
 43129 | Vaults:2 | Found a huge runed gate.
 43138 | Vaults:2 | Found a huge runed gate.
 43138 | Vaults:2 | Found a huge runed gate.
 43138 | Vaults:2 | Found a huge runed gate.
 43587 | Vaults:3 | You fall into a shaft and drop 1 floor!
 44214 | Vaults:3 | Found Nyhekkux's Antique Armour Shop.
 44646 | Vaults:3 | Reached XP level 22. HP: 117/117 MP: 38/43
 45186 | Vaults:4 | Learned a level 8 spell: Discord
 45668 | Vaults:4 | Found Xaelecs's Antique Weapon Boutique.
 45855 | Vaults:4 | Reached skill level 24 in Stealth
 46372 | Vaults:4 | Found Meig's General Store.
 46746 | Crypt:1  | Entered Level 1 of the Crypt
 48533 | Crypt:3  | Entered Level 3 of the Crypt
 48777 | Crypt:3  | Found a staircase to the Tomb.
 49559 | Crypt:3  | Found a hide-covered altar of Uskayaw.
 49735 | Crypt:3  | Reached XP level 23. HP: 111/123 MP: 36/45
 50271 | Crypt:3  | Found a basalt altar of Yredelemnul.
 50271 | Crypt:3  | Noticed a curse toe
 50288 | Crypt:3  | Noticed a royal mummy
 50383 | Crypt:3  | Found an ancient bone altar of Kikubaaqudgha.
 50438 | Crypt:3  | Identified the +1 robe of the Garden {rElec rPois rC+++
                  | Slay-4}
 50439 | Crypt:3  | Identified the amulet "Ylozik" {*Corrode Regen+ Slay+5}
 50439 | Crypt:3  | Identified the amulet of Duufym {Fragile Regen+ Dex+4}
 50439 | Crypt:3  | Identified the ring "Tonk" {rN+ Slay+2}
 50445 | Crypt:3  | Acquired the +1 cloak of the Everdark {Contam rF++ Will++
                  | Str+3}
 50499 | Crypt:3  | Got the Incunabulum of the Mausoleum
 50502 | Crypt:3  | Acquired 797 gold pieces
 50871 | Depths:3 | Found a glowing silver altar of Zin.
 50908 | Depths:3 | Reached skill level 15 in Translocations
 51460 | Depths:3 | Noticed an ancient lich
 51485 | Depths:3 | Noticed a juggernaut
 51490 | Depths:3 | Killed an ancient lich
 51490 | Depths:3 | Killed a juggernaut
 51891 | Depths:4 | Entered Level 4 of the Depths
 51914 | Depths:4 | Noticed a juggernaut
 51977 | Depths:4 | Killed a juggernaut
 51986 | Depths:4 | Reached skill level 25 in Stealth
 52454 | Depths:4 | Found Coxkiyt's Weapon Shoppe.
 52555 | Depths:4 | Found a gate to the Realm of Zot.
 52736 | Depths:3 | Voluntarily entered the Abyss.
 52752 | Abyss:2  | Found an iron altar of Okawaru.
 52843 | Abyss:3  | Found a corrupted altar of Lugonu.
 52885 | Abyss:3  | Found a corrupted altar of Lugonu.
 53060 | Abyss:3  | Found a glowing golden altar of the Shining One.
 53124 | Abyss:3  | Noticed a juggernaut
 53157 | Abyss:3  | Killed a juggernaut
 53165 | Abyss:3  | Got an abyssal rune of Zot
 53187 | Abyss:3  | Found a corrupted altar of Lugonu.
 53228 | Depths:3 | Escaped the Abyss
 53270 | Zot:1    | Entered Level 1 of the Realm of Zot
 53519 | Zot:1    | Reached XP level 24. HP: 129/129 MP: 40/45
 53899 | Zot:1    | Reached skill level 15 in Invocations
 54142 | Zot:2    | Noticed an orb of fire
 54143 | Zot:2    | Gained mutation: You are strong-willed. (Will+) [an orb of
                  | fire]
 54360 | Zot:2    | Found Ocwah's Changing Room.
 55012 | Zot:3    | Gained mutation: You occasionally lose the ability to read
                  | scrolls when taking damage. [you]
 55014 | Zot:3    | Lost mutation: You occasionally lose the ability to read
                  | scrolls when taking damage. [potion of mutation]
 55014 | Zot:3    | Lost mutation: You are strong-willed. (Will+) [potion of
                  | mutation]
 55014 | Zot:3    | Gained mutation: You are clumsy. (Dex -2) [potion of
                  | mutation]
 55014 | Zot:3    | Gained mutation: You occasionally lose the ability to drink
                  | potions when taking damage. [potion of mutation]
 55014 | Zot:3    | Gained mutation: You passively dampen the noise of your
                  | surroundings. [potion of mutation]
 55015 | Zot:3    | Lost mutation: You occasionally lose the ability to drink
                  | potions when taking damage. [potion of mutation]
 55015 | Zot:3    | Lost mutation: You passively dampen the noise of your
                  | surroundings. [potion of mutation]
 55015 | Zot:3    | Lost mutation: You are clumsy. (Dex -2) [potion of
                  | mutation]
 55015 | Zot:3    | Gained mutation: Armour fits poorly on your strangely
                  | shaped body. [potion of mutation]
 55015 | Zot:3    | Gained mutation: You have a pair of small horns on your
                  | head. [potion of mutation]
 55015 | Zot:3    | Gained mutation: Your flesh is cold resistant. (rC+)
                  | [potion of mutation]
 55015 | Zot:3    | Gained mutation: You are partially covered in iridescent
                  | scales. (AC +2) [potion of mutation]
 55058 | Zot:3    | Mangled by a green draconian monk

Illustrated notes

Levels and vault maps discovered:
D:1:      amcnicky_arrival_blooded_trapdoor, layout_rooms
D:2:      layout_basic, uniq_jessica
D:3:      layout_loops_ring, lemuel_coloured_pillars_altar,
          shapermc_ecumenical_altar_totnotflames
D:4:      layout_rooms, grunt_dithmenos_smoke, temple_green, st_stairs_5,
          kennysheep_small_square
D:5:      layout_layer_cave, nemelex_diamond_rough_becter,
          okawaru_ov_weapons_minmay
D:6:      layout_loops_corners, mainiacjoe_overflow_tiny_flanked,
          mainiacjoe_overflow_concentric_impassable, ebering_ghost_rock_garden,
          uniq_grinder
D:7:      layout_basic, grunt_temple_overflow_lords_of_destruction,
          bh_walls_and_bars, uniq_duvessa, uniq_maggie
D:8:      layout_loops_cross, special_room [special_room_orc],
          gammafunk_ghost_cemetery
D:9:      layout_basic, grunt_temple_overflow_open, nzn_wu_jian_council_hall,
          due_lair_maze_entry_diamond, serial_bayou, serial_bayou_shore_b,
          serial_bayou_lagoon_a, serial_bayou_pond_c, serial_bayou_pond_d,
          hangedman_minor_magic
D:10:     layout_irregular_city, mainiacjoe_overflow_catwalk,
          guppyfry_shop_venom
D:11:     layout_rooms, uniq_sonja
D:12:     cheibrodos_fzero, layout_long_grid, hiddenorc1_lemuel,
          eino_tiny_chamber, minmay_lizard_king, uniq_kirke
D:13:     layout_loops_ring, nicolae_blasting_shop
D:14:     layout_cave_pools, grunt_vaults_entry_fortified,
          serial_co_window_serial, co_window_cross_1, co_window_paths_b,
          co_window_paths_a, co_window_corner_a, co_window_paths_b,
          co_window_corner_ca, co_window_corner_b, co_window_paths_c,
          co_window_broadway_a, co_window_unsneaky_path_d, co_window_paths_e,
          glass_columns_c, glass_columns_c, uniq_josephine, uniq_roxanne
D:15:     grunt_enter_depths_hoard, layout_basic, serial_shops,
          nicolae_shop_advertising_works [nicolae_subvault_shop_adworks],
          gauntlet_entry_generic, nicolae_uskayaw_dance_hall
Temple:   hellmonk_temple_two_chambers
Lair:1:   layout_roguey, minivault_19
Lair:2:   gammafunk_lair_enchanted_lake, layout_chaotic_city,
          nicolae_shoals_entry_roost, guppyfry_lair_drakes
Lair:3:   lemuel_slime, layout_chaotic_city, spider_nest_entry_webs,
          grunt_megastairs_2, serial_bayou_shore_a, uniq_urug
Lair:4:   layout_cave_shapes, gammafunk_ghost_berserking_beasts
Lair:5:   cheibrodos_lair_end_hotspot, layout_misc_corridors,
          minmay_slime_entry_pillars, lookout_lair_type, fungi_pond_lemuel,
          chequers_serial_rivers_micro_b, eino_house_with_fridge
Shoals:1: layout_shoals
Shoals:2: layout_shoals, nicolae_shop_self_help
Shoals:3: layout_shoals, serial_shops, shop
Shoals:4: shoals_end_hangedman, layout_shoals, shoal_ilsuiw
Spider:1: layout_spider_delve, uniq_jorgrun
Spider:2: layout_spider_delve, drop_trap, nicolae_spider_paper_wasps,
          uniq_arachne
Spider:3: layout_spider_delve, guppyfry_hornet_nest
Spider:4: floodkiller_spider_rune_tomb, uniq_nikola
Orc:1:    cheibrodos_orc_guarddog, layout_diamond_mine, uniq_snorg
Orc:2:    grunt_orc_tribal_feast, layout_caves, basic_altar,
          nicolae_specific_store, uniq_saint_roka
Elf:1:    minmay_elf_arrival_summoners, layout_loops_corners, basic_altar,
          mu_enter_wizlab_3, minmay_elf_annihilation, minmay_shop_star
Elf:2:    nicolae_elf_blades_crystal_corner, layout_gridlike
Elf:3:    minmay_elf_hall_statues, layout_loops_corners, serial_shops,
          nicolae_shop_stone
Vaults:1: v_alt_pattern_5, hangedman_vaults_stretched_pinwheel,
          nicolae_vaults_little_squares_4, grunt_vaults_funnel,
          nicolae_vaults_display_case, layout_vaults_omnigrid, serial_shops,
          shop
Vaults:2: nicolae_vaults_network_s, vaults_mumra_hexcomb,
          ontoclasm_vaults_pinch, v_misc_16, v_misc_25, door_vault,
          minmay_crypt_entry_simple_sparse, v_misc_33, vaults_room_grid,
          nicolae_vaults_sealed_display, vaults_dpeg_encased_lava,
          vaults_dpeg_emergency_exit, layout_vaults_big_cross
Vaults:3: grunt_vaults_focal, dpeg_vaults_monster_row, ontoclasm_vaults_gateway,
          v_misc_2, hangedman_vaults_corner,
          hangedman_vaults_stretched_pinwheel, serial_ice_g,
          vaults_room_grunt_arrival_checkpoint, v_pattern_2,
          nicolae_vaults_circle_grid_b, v_misc_13, nicolae_vaults_theta,
          hangedman_vaults_nails, ontoclasm_vaults_hangar, v_alt_pattern_3,
          layout_vaults_omnibox, serial_shops, nicolae_shop_crystal
Vaults:4: nicolae_vaults_little_squares_1, vaults_dpeg_spiral,
          nicolae_vaults_big_ls, vaults_room_grid,
          nicolae_vaults_branching_niches, hangedman_vaults_corner_blocks,
          ontoclasm_vaults_shuriken, vaults_room_mumra_shop_pool,
          nicolae_vaults_little_squares_5, v_misc_27, layout_vaults_big_room,
          serial_shops, shop_fountains, uniq_margery
Crypt:1:  layout_basic
Crypt:2:  layout_misc_corridors, grunt_megastairs_3,
          roderic_lattice_octagonal_star
Crypt:3:  lightli_unholy_cathedral, layout_chaotic_city,
          tomb_entry_forgotten_bobbens, nicolae_danse_macabre
Depths:1: layout_gridlike, hell_entry, tso_metal_star, serial_shops,
          nicolae_take_the_stairs, kennysheep_path_1, nrook_kobold_shadow_demons
Depths:2: nicolae_BIG_FREAKIN_CUBE, layout_cave_pools, enter_ziggurat_c,
          hell_entry, pan_entry, abyss_entry, serial_shops, bzr_entry_water,
          shop, nicolae_shop_waterfront, nicolae_shop_window_shopping,
          shop_fountains, uniq_aizul
Depths:3: evilmike_pillar_path, layout_basic, zin_angel, hell_entry,
          abyss_entry, kilobyte_rumbling_trees, uniq_josephina
Depths:4: evilmike_zot_entry_basic, layout_cave_pools, serial_shops,
          nicolae_shop_bloodbath_and_beyond,
          hangedman_abyss_or_decor_lesser_grid, hell_entry, minivault_15
Zot:1:    layout_gridlike
Zot:2:    layout_basic, nicolae_transmutations_shop, nicolae_zot_crop_circle
Zot:3:    layout_cellular_growth, nicolae_shop_clearance

Skill      XL: |  1  2  3  4  5  6  7  8  9 10 11 12 13 14 15 16 17 18 19 20 21 22 23 24 |
---------------+-------------------------------------------------------------------------+-----
Spellcasting   | 3 4 6 8 9 10 11 12 13 14 15 16 17 18 | 18.4
Hexes          | 4 5 6 7 9 10 11 12 13 14 15 16 17 18 19 20 21 | 21.3
Short Blades   | 2 3 5 6 7 8 9 10 11 12 13 14 15 16 17 18 19 | 19.6
Ice Magic      | 1 2 |  2.1
Stealth        | 6 9 11 12 14 15 16 17 18 19 20 21 22 23 24 25 | 25.8
Dodging        | 5 7 9 10 12 13 14 15 16 17 18 19 20 21 | 21.5
Fighting       | 2 4 5 6 7 8 9 10 11 12 13 14 | 14.3
Air Magic      | 2 |  2.8
Invocations    | 2 4 6 7 8 9 10 11 12 13 14 15 | 15.2
Translocations | 1 5 8 9 11 13 14 16 | 16.9
Shields        | 2 5 7 8 |  8.5
Transmutations | 3 |  3.9

Action                     |  1- 3 |  4- 6 |  7- 9 | 10-12 | 13-15 | 16-18 | 19-21 | 22-24 || total
---------------------------+-------+-------+-------+-------+-------+-------+-------+-------++-------
  Melee: Dagger            |   130 |    99 |    48 |    14 |   273 |    93 |    26 |       ||   683
         Short sword       |    10 |       |   230 |   468 |   611 |  1424 |   187 |       ||  2930
         Punch             |       |     1 |     4 |    11 |    11 |     2 |       |       ||    29
         Rapier            |       |       |       |       |       |   360 |   404 |   551 ||  1315
         Quick blade       |       |       |       |       |       |       |   515 |   588 ||  1103
         Headbutt          |       |       |       |       |       |       |       |     7 ||     7
   Fire: Sling             |       |       |    16 |    29 |    37 |    25 |     1 |       ||   108
  Throw: Stone             |    11 |     3 |       |       |       |       |       |       ||    14
         Dart              |       |       |     1 |     2 |       |       |       |       ||     3
         Throwing net      |       |       |     1 |       |       |       |       |       ||     1
         Boomerang         |       |       |       |     3 |       |       |       |       ||     3
   Cast: Ensorcelled Hiber |    15 |    37 |    56 |    78 |   192 |   164 |   255 |   113 ||   910
         Confusing Touch   |       |     5 |     6 |    19 |    17 |    11 |    49 |   149 ||   256
         Dazzling Flash    |       |       |    14 |    29 |    48 |    31 |     2 |       ||   124
         Tukima's Dance    |       |       |     3 |    18 |    46 |    28 |     2 |    13 ||   110
         Apportation       |       |       |       |       |    14 |    19 |    19 |     7 ||    59
         Silence           |       |       |       |       |     2 |     7 |     1 |     5 ||    15
         Manifold Assault  |       |       |       |       |       |    43 |    11 |    12 ||    66
         Vhi's Electric Ch |       |       |       |       |       |    32 |     3 |       ||    35
         Passage of Golubr |       |       |       |       |       |    32 |     9 |    17 ||    58
         Yara's Violent Un |       |       |       |       |       |       |     8 |    13 ||    21
         Dispersal         |       |       |       |       |       |       |     2 |     2 ||     4
         Cause Fear        |       |       |       |       |       |       |    13 |     6 ||    19
         Discord           |       |       |       |       |       |       |       |    20 ||    20
 Invoke: Shadow Step       |       |       |       |       |     6 |     8 |     4 |       ||    18
  Evoke: Wand              |       |       |       |       |       |     3 |     5 |     6 ||    14
    Use: Scroll            |       |     9 |     2 |     3 |    21 |    11 |    11 |     6 ||    63
         Potion            |       |       |       |     3 |     8 |    16 |     8 |     8 ||    43
   Stab: Sleeping          |    18 |    25 |    40 |    80 |   215 |   257 |   357 |   172 ||  1164
         Confused          |       |     1 |     7 |    29 |    21 |    10 |    64 |   159 ||   291
         Invisible         |       |       |     8 |    35 |    53 |    22 |    10 |       ||   128
         Distracted        |       |       |     1 |     4 |    15 |    14 |     9 |    16 ||    59
         Paralysed         |       |       |       |       |       |     1 |       |       ||     1
         Fleeing           |       |       |       |       |       |       |     4 |     3 ||     7
 Armour: Robe              |    12 |     7 |       |     7 |       |       |       |       ||    26
         Troll leather arm |       |       |    12 |     8 |    32 |    84 |    41 |    27 ||   204
  Dodge: Dodged            |    84 |    62 |   111 |   256 |   632 |  1277 |  1004 |   681 ||  4107
  Block: Buckler           |       |       |       |       |       |   332 |       |     5 ||   337

Table legend: (Time is in decaauts)
 A = Elapsed time spent in this place.
 B = Non-inter-level travel time spent in this place.
 C = Inter-level travel time spent in this place.
 D = Time resting spent in this place.
 E = Time spent auto-exploring this place.
 F = Levels seen in this place.
 G = Mean time per level.
                   A        B        C        D        E       F      G
               +--------+--------+--------+--------+--------+-----+--------+
         Total |  37615 |  33732 |   3883 |   3818 |  12805 |  54 |  696.6 |
       Dungeon |  11403 |   9912 |   1491 |    773 |   4888 |  15 |  760.2 |
        Temple |      1 |      1 |      0 |      0 |      0 |   1 |    1.0 |
          Lair |   3226 |   2626 |    600 |    140 |    813 |   5 |  645.2 |
        Shoals |   2363 |   1914 |    449 |    158 |    359 |   4 |  590.8 |
   Spider Nest |   3112 |   2779 |    333 |    478 |    717 |   4 |  778.0 |
  Orcish Mines |   1256 |   1094 |    162 |     84 |    353 |   2 |  628.0 |
   Elven Halls |   3456 |   3268 |    188 |    567 |    807 |   3 | 1152.0 |
        Vaults |   4355 |   4150 |    205 |    227 |   2646 |   4 | 1088.8 |
         Crypt |   2694 |   2542 |    152 |    393 |    749 |   3 |  898.0 |
        Depths |   3039 |   2840 |    199 |    362 |   1267 |   4 |  759.8 |
           Zot |   1267 |   1166 |    101 |    279 |    197 |   3 |  422.3 |
         Abyss |    332 |    332 |      0 |     31 |      4 |   3 |  110.7 |
        Bazaar |     15 |     15 |      0 |      0 |      0 |   1 |   15.0 |
        Wizlab |    954 |    954 |      0 |    323 |      0 |   1 |  954.0 |
      Gauntlet |    135 |    135 |      0 |      0 |      0 |   1 |  135.0 |
               +--------+--------+--------+--------+--------+-----+--------+

Top non-repeatable levels by time:
   Elf:2: 1432 daAuts
Vaults:2: 1347 daAuts
Vaults:4: 1192 daAuts
 Crypt:3: 1184 daAuts
Spider:3: 1089 daAuts
    D:12: 1020 daAuts
   Elf:1: 1018 daAuts
   Elf:3: 1006 daAuts
Vaults:3: 958 daAuts
  WizLab: 954 daAuts
     D:7: 924 daAuts
Depths:1: 919 daAuts
     D:3: 901 daAuts
Depths:2: 867 daAuts
     D:9: 859 daAuts
